 Dungeon Crawl Stone Soup version 0.24.0-123-gd5b16e6ec5 (webtiles) character file.

Game seed: 13830765153772806439, levelgen mode: deterministic

25 Descartes the Magician (level 2, -2/15 HPs)
             Began as a Deep Elf Wizard on Jan 26, 2020.
             Slain by Sigmund
             ... wielding a +0 scythe
              (11 damage)
             ... on level 2 of the Dungeon.
             The game lasted 00:02:29 (1251 turns).

Descartes the Magician (Deep Elf Wizard)            Turns: 1251, Time: 00:02:30

Health: -2/15      AC:  6    Str:  4    XL:     2   Next: 86%
Magic:  3/10       EV: 12    Int: 22    God:
Gold:   104        SH:  0    Dex: 13    Spells: 11/12 levels left

rFire    . . .     SeeInvis .   i - +2 short sword (venom)
rCold    . . .     Gourm    .   (no shield)
rNeg     . . .     Faith    .   l - +3 leather armour
rPois    .         Spirit   .   b - +0 hat
rElec    .         Reflect  .   (no cloak)
rCorr    .         Harm     .   (no gloves)
MR       .....                  (no boots)
Stlth    ++........             (no amulet)
HPRegen  0.05/turn              (no ring)
MPRegen  0.12/turn              (no ring)

@: very slightly contaminated
A: no striking features
a: no special abilities


You were on level 2 of the Dungeon.
You were hungry.

You visited 1 branch of the dungeon, and saw 2 of its levels.

You collected 104 gold pieces.

Inventory:

Hand Weapons
 a - a +2 dagger of electrocution
 i - a +2 short sword of venom (weapon)
Missiles
 c - 28 sling bullets
 e - 26 stones (quivered)
Armour
 b - a +0 hat (worn)
 l - a +3 leather armour (worn)
Scrolls
 m - a scroll of remove curse
 n - a scroll of identify {unknown}
Potions
 f - 2 potions of heal wounds {unknown}
 h - a potion of haste {unknown}
 k - 2 potions of flight {unknown}
Comestibles
 d - 4 rations


   Skills:
 + Level 2.7 Dodging
 + Level 2.5 Stealth
 + Level 5.5 Spellcasting
 + Level 1.1 Conjurations
   Level 1.1 Summonings
   Level 1.1 Translocations


You had 11 spell levels left.
You knew the following spells:

 Your Spells              Type           Power        Failure   Level  Hunger
a - Magic Dart            Conj           ##..         11%         1    None

Your spell library contained the following spells:

 Spells                   Type           Power        Failure   Level  Hunger
 Blink                    Tloc           N/A          17%         2    None
 Call Imp                 Summ           ##......     17%         2    None
 Slow                     Hex            #.......     26%         2    None
 Conjure Flame            Conj/Fire      #.......     38%         3    ##.....
 Mephitic Cloud           Conj/Pois/Air  #.......     41%         3    ##.....


Dungeon Overview and Level Annotations

Branches:
Dungeon (2/15)

Altars:

Annotations:
D:2 Sigmund


Message History

Casting: Magic Dart (safe; 11% risk of failure)
Confirm with . or Enter, or press ? or * to list all spells.
Aiming: Magic Dart (safe; 11% risk of failure)
Press: ? - help, Shift-Dir - straight line, f/p - Sigmund
Aim: Sigmund, wielding a +0 scythe and wearing a +0 robe (moderately wounded, unusually agile)
You miscast Magic Dart.
You are momentarily dazzled by a flash of light!
A goblin comes into view.
Casting: Magic Dart (safe; 11% risk of failure)
Confirm with . or Enter, or press ? or * to list all spells.
Aiming: Magic Dart (safe; 11% risk of failure)
Press: ? - help, Shift-Dir - straight line, f/p - Sigmund
Aim: Sigmund, wielding a +0 scythe and wearing a +0 robe (moderately wounded, unusually agile)
The magic dart hits Sigmund but does no damage.
Sigmund is moderately wounded.
Sigmund barely misses you.
A hobgoblin comes into view.
Sigmund hits you with a +0 scythe!
Ouch! That really hurt!
You die...

### ##.## ###### ##
##.#.###....# .
.###.###<##.##.# ##...
..........#.##.###......
.#.#.#.#........@@>.....
....#...#....#.###...g..
.#..##.........# ##...
##..#####...#### .
##..#####..##
##.........#
....######.# ##### ##+##
# ##...##


You could see Sigmund and a goblin.

Vanquished Creatures
  An ooze (D:1)
  A worm (D:2)
  A leopard gecko (D:1)
  3 bats (D:1)
  A goblin (D:1)
  A hobgoblin (D:1)
  2 jackals (D:1)
  2 frilled lizards (D:1)
  4 kobolds (D:1)
  A rat (D:1)
17 creatures vanquished.

Notes
Turn   | Place    | Note
-------+----------+-------------------------------------------
     0 | D:1      | Descartes the Deep Elf Wizard began the quest for the Orb.
     0 | D:1      | Reached XP level 1. HP: 10/10 MP: 7/7
   224 | D:1      | Reached skill level 5 in Spellcasting
   224 | D:1      | Reached XP level 2. HP: 15/15 MP: 2/10
  1242 | D:2      | Noticed Sigmund
  1251 | D:2      | Slain by Sigmund

Levels and vault maps discovered:
D:1:      minmay_arrival_three_doors, layout_basic
D:2:      layout_loops_corners, uniq_sigmund

Skill      XL: |  1 |
---------------+----+-----
Spellcasting   | 5 |  5.5
Dodging        | |  2.7
Stealth        | |  2.5
Conjurations   | |  1.1
Summonings     | |  1.1
Translocations | |  1.1

Action                   || total
-------------------------++-------
Melee: Unarmed           ||    17
       Short sword       ||     2
 Cast: Magic Dart        ||    55
  Use: Scroll            ||     1
Armor: Robe              ||     4
Dodge: Dodged            ||    24
